 Dungeon Crawl Stone Soup version 0.30-a0-613-gdd512c7efb (webtiles) character file.

Game seed: 10400959924189980869

8826 drugrobin the Martial Artist (level 10, 0/88 HPs)
             Began as a Demigod Delver on Jan 8, 2023.
             Slain by a two-headed ogre
             ... wielding a +0 giant club
              (14 damage)
             ... on level 9 of the Dungeon.
             The game lasted 00:41:55 (11712 turns).

drugrobin the Martial Artist (Demigod Delver)      Turns: 11712, Time: 00:41:55

Health: 0/88       AC: 15    Str: 17    XL:     10   Next: 93%
Magic:  13/13      EV:  5    Int: 21    God:
Gold:   937        SH:  4    Dex: 23    Spells: 8/9 levels left

rFire   . . .      SeeInvis .      - Unarmed
rCold   . . .      Faith    .    M - +0 buckler of Tenacity {Int+3}
rNeg    + + .      Spirit   .    O - +1 plate armour of the Storm King {rN++}
rPois   .          Reflect  .    C - +0 helmet
rElec   .          Harm     .    u - +0 cloak
rCorr   .          Rampage  .    B - +0 pair of gloves
Will    +....                    H - +0 pair of boots Stlth
                                 f - amulet of magic regeneration
HPRegen 0.34/turn                l - +6 ring of intelligence
MPRegen 0.53/turn                (no ring)

@: no status effects
A: high MP 1, forlorn, divine attributes
a: no special abilities


You were on level 9 of the Dungeon.
You visited 1 branch of the dungeon, and saw 9 of its levels.
You also visited: Bailey.

You collected 937 gold pieces.

Inventory:

Hand Weapons
 b - a +0 sling
 c - a +1 dagger of draining
 F - a +5 war axe
Missiles
 n - 9 boomerangs (quivered)
 o - 4 atropa-tipped darts
 p - 19 poisoned darts
Armour
 u - a +0 cloak (worn)
 x - a +1 leather armour of fire resistance
 B - a +0 pair of gloves (worn)
 C - a +0 helmet (worn)
 H - a +0 pair of boots (worn)
 M - the +0 buckler of Tenacity (worn) {Int+3}
   (You acquired it in a bailey)

   Int:       It affects your intelligence (+3).
 O - the +1 plate armour of the Storm King (worn) {rN++}
   (You took it off an orc in a bailey)

   rN:        It greatly protects you from negative energy.
Jewellery
 f - an amulet of magic regeneration (around neck)
 l - a +6 ring of intelligence (left hand)
 A - a ring of fire
Wands
 m - a wand of flame (6)
Scrolls
 a - 3 scrolls of magic mapping
 d - a scroll of poison {unknown}
 i - 2 scrolls of amnesia {unknown}
 q - 2 scrolls of immolation {unknown}
 v - 5 scrolls of teleportation
 y - 5 scrolls of fog
 z - a scroll of butterflies
 E - a scroll of enchant armour
 I - a scroll of enchant weapon
 J - a scroll of vulnerability
 L - 2 scrolls of blinking
Potions
 e - 3 potions of haste
 g - 3 potions of flight {unknown}
 j - 6 potions of cancellation {unknown}
 k - a potion of degeneration {unknown}
 r - a potion of magic {unknown}
 s - 4 potions of curing {unknown}
 t - a potion of mutation {unknown}
 w - a potion of lignification {unknown}
 G - a potion of resistance {unknown}
 K - a potion of brilliance {unknown}
 N - 3 potions of heal wounds


   Skills:
 - Level 8.0 Fighting
 - Level 1.7 Dodging
 - Level 4.5 Stealth
 + Level 14.1 Unarmed Combat


You had 8 spell levels left.
You knew the following spells:

 Your Spells              Type           Power      Damage    Failure   Level
a - Summon Small Mammal   Summ           0%         N/A       100%        1

Your spell library contained the following spells:

 Spells                   Type           Power      Damage    Failure   Level
 Necrotise                Necr           0%         1d4       100%        1
 Slow                     Hex            0%         N/A       100%        1
 Call Canine Familiar     Summ           0%         N/A       100%        3
 Confusing Touch          Hex            0%         N/A       100%        3
 Ignite Poison            Fire/Tmut/Pois 0%         N/A       100%        3
 Kindle Blastsparks       Fire/Tloc/Air  0%         2d10      100%        3
 Summon Guardian Golem    Hex/Summ       0%         N/A       100%        3
 Tukima's Dance           Hex            0%         N/A       100%        3
 Vampiric Draining        Necr           0%         2d6       100%        3
 Passage of Golubria      Tloc           0%         N/A       100%        4
 Sticky Flame             Conj/Fire      0%         2d3       100%        4
 Agony                    Necr           0%         N/A       100%        5
 Freezing Cloud           Conj/Ice/Air   0%         6-21      100%        5
 Yara's Violent Unravell  Hex/Tmut       0%         3d3       100%        5
 Ignition                 Fire           0%         3d3       100%        8


Dungeon Overview and Level Annotations

Branches:
Dungeon (9/15)             Temple (0/1) D:7            Lair (0/5) D:9
 Bailey (visited)
    Orc: D:9-12

Portals:
Abyss: D:4

Annotations:
D:4 2 transporters, CorgiPerc's ghost, novice GnGl
D:8 Maurice


Innate Abilities, Weirdness & Mutations

You have an increased reservoir of magic. (+10% MP)
You shall have no god before yourself.
Your divine heritage dramatically boosts your attributes as you level up.


Message History

You throw a poisoned dart.
The poisoned dart hits the two-headed ogre.
The two-headed ogre is poisoned.
Unknown command.
You hit the two-headed ogre.
The two-headed ogre is lightly wounded.
You barely miss the two-headed ogre.
The two-headed ogre is lightly wounded.
The two-headed ogre hits you with a +0 giant club!!
The two-headed ogre completely misses you.
You hit the two-headed ogre but do no damage.
The two-headed ogre is lightly wounded.
You block the two-headed ogre's attack.
The two-headed ogre hits you with a +0 giant club!
You hit the two-headed ogre.
The two-headed ogre is lightly wounded.
You punch the two-headed ogre!
The two-headed ogre is moderately wounded.
You block the two-headed ogre's attack.
The two-headed ogre hits you with a +0 giant club!
You punch the two-headed ogre!
The two-headed ogre is heavily wounded.
You hit the two-headed ogre but do no damage.
The two-headed ogre is heavily wounded.
The two-headed ogre hits you with a +0 giant club!
* * * LOW HITPOINT WARNING * * *
The two-headed ogre hits you with a +0 giant club!
* * * LOW HITPOINT WARNING * * *
Unknown command.
Unknown command.
You punch the two-headed ogre!
The two-headed ogre is severely wounded.
The two-headed ogre looks more healthy.
Unknown command.
Unknown command.
You hit the two-headed ogre.
The two-headed ogre is almost dead.
The two-headed ogre completely misses you.
The two-headed ogre hits you with a +0 giant club!
You die...

#..........#.#...#####.....#
#.##..#..#.'.#.#.# #..##.#
......O....###...## ##.....#
##.###..#'##.##...# #......#
#?# #.##.....#...# #.#....#
##O###.##.....#.#.# #.#..#.#
.....#.##.##..#...# #......#
##.###....##(.##########...#
#.# #.#..#...(O@##....#.#.#
##.###....#########.##.#...#
..#..##...#....####.##.#...#
.###..##..#..#.'.......#...#
.....#.##.#....#....##.#.#.#
##.##...#.##'###.##.##.'.#.#
#.).#.#.#.....##.##.##.#...#
.)⌠...###.....##....##.#...#
#((.#.#.#.######....##.#...#


You could see a two-headed ogre.

Vanquished Creatures
  2 two-headed ogres (D:9)
  An orc knight (Bailey)
  A hornet (D:9)
  Grinder (D:4)
  Sigmund (D:2)
  A shadow (D:9)
  2 wyverns
  13 yaks
  Eustachio (D:4)
  A basilisk (D:9)
  2 steam dragons
  Menkaure (D:4)
  A water moccasin (D:9)
  An acid dragon (D:9)
  2 ice beasts
  7 orc warriors
  A sky beast (D:7)
  5 ogres
  A centaur (D:9)
  A phantom (D:6)
  A kobold brigand (D:9)
  5 bullfrogs
  Blork the orc (D:4)
  2 scorpions (D:5)
  A necrophage (D:5)
  4 wights
  5 killer bees (D:8)
  2 howler monkeys (D:9)
  A jelly (D:6)
  3 hounds
  2 orc priests
  A gnoll bouda (D:3)
  3 iguanas
  Ijyb (D:4)
  8 orc wizards
  13 gnolls
  8 adders
  A shadow imp (D:7)
  A white imp (D:6)
  An ufetubus (D:5)
  3 worms
  9 dart slugs
  29 orcs
  5 ball pythons
  3 endoplasms
  3 giant cockroaches
  18 goblins
  11 hobgoblins
  15 kobolds
  5 quokkas
  7 bats
  4 frilled lizards
  11 rats
233 creatures vanquished.

Notes
Turn   | Place    | Note
-------+----------+-------------------------------------------
     0 | D:5      | drugrobin the Demigod Delver began the quest for the Orb.
     0 | D:5      | Reached XP level 1. HP: 18/18 MP: 3/3
    40 | D:5      | Noticed a hound
    40 | D:5      | Noticed a scorpion
    70 | D:5      | Noticed a scorpion
   105 | D:4      | Noticed a hound
   161 | D:4      | Found a transporter.
   170 | D:4      | Noticed an iron imp
   170 | D:4      | Noticed a gnoll bouda
   212 | D:4      | Found a one-way gate to the infinite horrors of the Abyss.
   212 | D:4      | Noticed CorgiPerc's ghost (novice GnGl)
   299 | D:4      | Noticed a kobold brigand
   369 | D:4      | Noticed a small abomination
   374 | D:4      | Noticed Menkaure
   374 | D:4      | Noticed Grinder
   400 | D:3      | Reached skill level 2 in Unarmed Combat
   468 | D:3      | Noticed an ogre
   560 | D:3      | Reached XP level 2. HP: 17/25 MP: 4/4
   812 | D:1      | Reached skill level 3 in Unarmed Combat
   981 | D:1      | Reached XP level 3. HP: 25/30 MP: 5/5
  1669 | D:2      | Noticed Sigmund
  1859 | D:2      | Reached skill level 4 in Unarmed Combat
  1872 | D:2      | Reached XP level 4. HP: 22/37 MP: 6/6
  2305 | D:2      | Killed Sigmund
  2306 | D:2      | Reached skill level 5 in Unarmed Combat
  2306 | D:2      | Reached XP level 5. HP: 42/42 MP: 7/7
  2896 | D:3      | Killed an ogre
  2897 | D:3      | Reached skill level 6 in Unarmed Combat
  2897 | D:3      | Reached XP level 6. HP: 50/50 MP: 8/8
  2962 | D:4      | Paralysed by Grinder for 4 turns
  2962 | D:4      | Noticed Ijyb
  2968 | D:4      | Killed Menkaure
  2970 | D:4      | Killed Grinder
  2971 | D:4      | Reached skill level 7 in Unarmed Combat
  2971 | D:4      | Reached XP level 7. HP: 55/56 MP: 9/9
  3049 | D:4      | Noticed Eustachio
  3063 | D:4      | Killed Eustachio
  3064 | D:4      | Reached skill level 8 in Unarmed Combat
  3750 | D:4      | Noticed Blork the orc
  3758 | D:4      | Killed Blork the orc
  3759 | D:4      | Reached skill level 9 in Unarmed Combat
  3842 | D:4      | Found a transporter.
  3854 | D:4      | Killed Ijyb
  4089 | D:5      | Reached XP level 8. HP: 59/62 MP: 10/10
  4332 | D:5      | Reached skill level 10 in Unarmed Combat
  5979 | D:7      | Reached skill level 11 in Unarmed Combat
  6165 | D:7      | Found a staircase to the Ecumenical Temple.
  6316 | D:7      | Reached XP level 9. HP: 64/72 MP: 11/11
  6768 | D:8      | Reached skill level 5 in Fighting
  7221 | D:8      | Noticed Maurice
  8217 | D:8      | Reached skill level 12 in Unarmed Combat
  8549 | D:7      | Reached XP level 10. HP: 78/86 MP: 13/13
  9374 | D:9      | Found a flagged portal.
  9396 | Bailey   | Entered a bailey
  9864 | Bailey   | Noticed an orc knight
  9906 | Bailey   | Identified the +1 plate armour of the Storm King {rN++}
 10113 | Bailey   | Acquired the +0 buckler of Tenacity {Int+3}
 10132 | Bailey   | Killed an orc knight
 10133 | Bailey   | Reached skill level 13 in Unarmed Combat
 10180 | Bailey   | Noticed an orc warlord
 10534 | D:9      | Found a staircase to the Lair.
 10924 | D:9      | Noticed a two-headed ogre
 10924 | D:9      | Noticed a two-headed ogre
 10943 | D:9      | Killed a two-headed ogre
 11040 | D:9      | Killed a two-headed ogre
 11251 | D:9      | Learned a level 1 spell: Summon Small Mammal
 11403 | D:9      | Reached skill level 14 in Unarmed Combat
 11677 | D:9      | Noticed a two-headed ogre
 11712 | D:9      | Slain by a two-headed ogre

Illustrated notes

Levels and vault maps discovered:
D:1:      lightli_arrival_noodles, layout_loops_ring,
          shapermc_ecumenical_altar_acropolis, moated_statue,
          minmay_rat_gold_closets
D:2:      layout_rooms, minmay_pentomino_p4, uniq_sigmund
D:3:      layout_rooms, gammafunk_temple_overflow_wave
D:4:      layout_basic, gammafunk_ghost_abyssal_escape,
          hangedman_abyss_or_decor_jellyfish_corner, nicolae_titane,
          uniq_menkaure, uniq_blork_the_orc, uniq_ijyb, uniq_eustachio,
          uniq_grinder
D:5:      layout_cave_pools, lemuel_round_altar
D:6:      layout_basic, nicolae_ru_awakened_eye
D:7:      layout_loops_ring, lemuel_temple_firewalk_b
D:8:      layout_loops_corners, mainiacjoe_overflow_catwalk,
          kennysheep_mini_moat, uniq_maurice
D:9:      minmay_the_grid_octo_tiled_squarecenter
          [minmay_the_grid_octo_concentric, minmay_the_grid_octo_chip,
          minmay_the_grid_octo_empty, minmay_the_grid_octo_focus,
          minmay_the_grid_square_5x5_megaprize_checkered,
          minmay_the_grid_square_5x5_inner_v,
          minmay_the_grid_square_5x5_three_walls,
          minmay_the_grid_square_5x5_doubleslash,
          minmay_the_grid_square_5x5_plus], layout_stronghold,
          lemuel_crystal_altar, mainiacjoe_overflow_surrounded_room,
          enter_bailey_3

Skill      XL: |  1  2  3  4  5  6  7  8  9 10 |
---------------+-------------------------------+-----
Unarmed Combat | 2 3 4 5 6 7 9 11 12 14 | 14.1
Fighting       | 4 7 8 |  8.0
Dodging        | |  1.7
Stealth        | |  4.5

Action                   |  1- 3 |  4- 6 |  7- 9 | 10-12 || total
-------------------------+-------+-------+-------+-------++-------
Melee: Unarmed           |   180 |    59 |   331 |   287 ||   857
       Punch             |     1 |     1 |    20 |    12 ||    34
 Fire: Sling             |       |       |     8 |       ||     8
Throw: Boomerang         |       |    14 |    93 |    19 ||   126
       Dart              |       |     5 |    23 |    27 ||    55
Evoke: Wand              |     4 |     9 |    10 |     9 ||    32
  Use: Scroll            |       |       |       |    10 ||    10
       Potion            |       |       |       |     1 ||     1
 Stab: Sleeping          |    14 |       |     9 |     1 ||    24
       Distracted        |     1 |       |       |     1 ||     2
Armor: Leather armour    |    23 |     1 |    34 |    56 ||   114
       Robe              |       |    13 |     2 |       ||    15
       Plate armour      |       |       |    37 |    25 ||    62
       Skin              |       |       |       |     1 ||     1
Dodge: Dodged            |    74 |    37 |   107 |   115 ||   333
Block: Buckler           |       |       |       |    19 ||    19

Table legend: (Time is in decaauts)
 A = Elapsed time spent in this place.
 B = Non-inter-level travel time spent in this place.
 C = Inter-level travel time spent in this place.
 D = Time resting spent in this place.
 E = Time spent auto-exploring this place.
 F = Levels seen in this place.
 G = Mean time per level.
                   A        B        C        D        E       F      G
               +--------+--------+--------+--------+--------+-----+--------+
         Total |  11612 |  11010 |    602 |   1315 |   5823 |  10 | 1161.2 |
       Dungeon |  10502 |   9900 |    602 |   1053 |   5566 |   9 | 1166.9 |
        Bailey |   1110 |   1110 |      0 |    262 |    257 |   1 | 1110.0 |
               +--------+--------+--------+--------+--------+-----+--------+

Top non-repeatable levels by time:
     D:8: 1761 daAuts
     D:9: 1632 daAuts
     D:7: 1294 daAuts
     D:4: 1276 daAuts
     D:3: 1180 daAuts
  Bailey: 1110 daAuts
     D:6: 1066 daAuts
     D:1: 850 daAuts
     D:5: 737 daAuts
     D:2: 703 daAuts
